 Dungeon Crawl Stone Soup version 0.23.2-30-g0e89c35649 (webtiles) character file.

Game seed: 5126578558923812505

1194 manyhoops the Fighter (level 8, -3/71 HPs)
             Began as a Gnoll Wanderer on June 20, 2019.
             Killed by nerve-wracking pain
             ... invoked by Menkaure
              (14 damage)
             ... on level 5 of the Dungeon.
             The game lasted 00:09:39 (5488 turns).

manyhoops the Fighter (Gnoll Wanderer)              Turns: 5488, Time: 00:09:40

Health: -3/71      AC:  8    Str: 23    XL:     8   Next: 44%
Magic:  12/12      EV: 14    Int: 16    God:
Gold:   100        SH:  0    Dex: 14    Spells: 13/13 levels left

rFire    . . .     SeeInvis .   d - -2 mace (curse)
rCold    . . .     Gourm    .   n - +0 buckler
rNeg     . . .     Faith    .   r - +2 robe of Duajargh {rPois}
rPois    +         Spirit   .   (no helmet)
rElec    .         Reflect  .   s - +0 cloak
rCorr    .         Harm     .   c - +0 pair of gloves
MR       .....                  (no boots)
Stlth    +.........             (no amulet)
HPRegen  0.21/turn              (no ring)
MPRegen  0.13/turn              (no ring)

@: confused, mighty
A: distributed training, fangs 1, slimy green scales 1, strong 1, strong nose
a: no special abilities


You were on level 5 of the Dungeon.
You were not hungry.

You visited 1 branch of the dungeon, and saw 5 of its levels.

You collected 236 gold pieces.
You spent 136 gold pieces at shops.

Inventory:

Hand Weapons
 a - a +2 dagger
 d - a cursed -2 mace (weapon)
 p - a +0 flail
Armour
 c - a +0 pair of gloves (worn)
 n - a +0 buckler (worn)
 q - a +0 leather armour
 r - the +2 robe of Duajargh (worn) {rPois}
   (You found it on level 4 of the Dungeon)

   It protects you from poison.
 s - a +0 cloak (worn)
Wands
 g - a wand of paralysis (6)
Scrolls
 i - a scroll of immolation
 j - a scroll of noise
 k - 4 scrolls of amnesia
Potions
 b - 4 potions of haste
 h - a potion of agility
 o - 2 potions of degeneration {unknown}
 t - a potion of lignification
Comestibles
 f - 6 rations
 u - 4 chunks of flesh


   Skills:
 + Level 9.1 Fighting
 + Level 3.2 Short Blades
 + Level 3.2 Long Blades
 + Level 3.2 Axes
 + Level 5.6 Maces & Flails
 + Level 3.2 Polearms
 + Level 3.2 Staves
 + Level 3.2 Slings
 + Level 3.2 Bows
 + Level 3.2 Crossbows
 + Level 4.1 Throwing
 + Level 3.2 Armour
 + Level 4.1 Dodging
 + Level 4.0 Stealth
 + Level 3.2 Shields
 + Level 3.2 Unarmed Combat
 + Level 3.2 Spellcasting
 + Level 2.6 Conjurations
 + Level 2.6 Hexes
 + Level 2.6 Charms
 + Level 2.6 Summonings
 + Level 2.6 Necromancy
 + Level 2.6 Translocations
 + Level 2.6 Transmutations
 + Level 2.6 Fire Magic
 + Level 2.6 Ice Magic
 + Level 2.6 Air Magic
 + Level 2.6 Earth Magic
 + Level 2.6 Poison Magic
 + Level 3.5 Invocations
 + Level 4.1 Evocations


You had 13 spell levels left.
You didn't know any spells.
Your spell library was empty.

Dungeon Overview and Level Annotations

Branches:
Dungeon (5/15)
 Temple: D:4-7

Altars:
Dithmenos
Kikubaaqudgha
Okawaru
Uskayaw
Wu Jian

Shops:
D:4 [?!

Annotations:
D:5 Grinder, Menkaure


Innate Abilities, Weirdness & Mutations

Your experience applies equally to all skills.
You have very sharp teeth.
Your uncanny sense of smell can sniff out nearby items.
You are partially covered in slimy green scales. (AC +2)
Your muscles are strong. (Str +2)


Message History

You hit Menkaure but do no damage.
Menkaure is severely damaged.
Menkaure barely misses you.
Really quaff the potion of lignification?
Okay, then.
Menkaure barely misses you.
You feel very mighty all of a sudden.
Menkaure points at you and mumbles some strange words.
Pain shoots through your body!
* * * LOW HITPOINT WARNING * * *
You are confused.
You feel invigorated.
Menkaure shouts, "You disturbed my rest!
Die!"
Menkaure closely misses you. x2
Menkaure is nearby!
Menkaure is nearby!
You bump into the rock wall.
Menkaure gestures at you while chanting.
Pain shoots through your body!
You die...

# #.# #.##.....##. # #.#
#.#.........# # #.#
#.##...#.#### # #.#
#.###.##.# # #.####
#........# # #....#
#####.#### # ####.#
##'## # #.# ##...## ##∆#
#@M...# ####..#
#.......# #####.....##
#..(......#
.............+.(.......+
#####.#...####.(.......#
#.##.## ##.......##
#.#### ##.....## #.#
##...## #.#


You could see Menkaure.

Vanquished Creatures
  Pikel (D:5)
  An ogre (D:4)
  A centaur (D:3)
  A scorpion (D:5)
  2 crimson imps (D:5)
  An orc priest (D:3)
  Crazy Yiuf (D:4)
  A hound (D:4)
  A centaur skeleton (D:4)
  Ijyb (D:5)
  An iguana (D:4)
  A worker ant (D:5)
  3 orc wizards
  2 hound skeletons
  8 adders
  3 worms
  A dart slug (D:2)
  2 leopard geckos
  10 orcs
  3 bats
  4 giant cockroaches
  12 hobgoblins
  7 jackals
  A quokka (D:4)
  6 frilled lizards
  14 goblins
  3 kobolds
  A quokka skeleton (D:5)
  6 rats
99 creatures vanquished.

Vanquished Creatures (others)
  A slave (D:5)
  A worm (D:5)
  A leopard gecko (D:5)
  A quokka skeleton (D:5)
4 creatures vanquished.

Grand Total: 103 creatures vanquished

Notes
Turn   | Place    | Note
-------+----------+-------------------------------------------
     0 | D:1      | manyhoops the Gnoll Wanderer began the quest for the Orb.
     0 | D:1      | manyhoops set off with the following items: a +2 dagger, a
                  | potion of haste, a +0 mace, a potion of lignification, a +0
                  | robe, a ration
     0 | D:1      | Reached XP level 1. HP: 26/26 MP: 2/2
   114 | D:1      | Reached XP level 2. HP: 26/33 MP: 3/3
   596 | D:1      | Reached XP level 3. HP: 33/38 MP: 4/4
   712 | D:2      | Reached skill level 1 in Invocations
   823 | D:2      | Gained mutation: Your system is resistant to poisons.
                  | (rPois) [potion of mutation]
   823 | D:2      | Gained mutation: You have a pair of small horns on your
                  | head. [potion of mutation]
   845 | D:2      | Reached skill level 1 in Short Blades
   845 | D:2      | Reached skill level 1 in Long Blades
   845 | D:2      | Reached skill level 1 in Axes
   845 | D:2      | Reached skill level 1 in Polearms
   845 | D:2      | Reached skill level 1 in Staves
   845 | D:2      | Reached skill level 1 in Slings
   845 | D:2      | Reached skill level 1 in Bows
   845 | D:2      | Reached skill level 1 in Crossbows
   845 | D:2      | Reached skill level 1 in Armour
   845 | D:2      | Reached skill level 1 in Shields
   845 | D:2      | Reached skill level 1 in Unarmed Combat
   845 | D:2      | Reached skill level 1 in Spellcasting
   845 | D:2      | Reached XP level 4. HP: 18/45 MP: 4/6
  1398 | D:3      | Noticed a centaur
  1732 | D:3      | Noticed a +0 dagger
  1732 | D:3      | Noticed a +0 hand axe
  1736 | D:3      | Found a hide-covered altar of Uskayaw.
  1793 | D:3      | Killed a centaur
  1793 | D:3      | Reached skill level 1 in Conjurations
  1793 | D:3      | Reached skill level 1 in Hexes
  1793 | D:3      | Reached skill level 1 in Charms
  1793 | D:3      | Reached skill level 1 in Summonings
  1793 | D:3      | Reached skill level 1 in Necromancy
  1793 | D:3      | Reached skill level 1 in Translocations
  1793 | D:3      | Reached skill level 1 in Transmutations
  1793 | D:3      | Reached skill level 1 in Fire Magic
  1793 | D:3      | Reached skill level 1 in Ice Magic
  1793 | D:3      | Reached skill level 1 in Air Magic
  1793 | D:3      | Reached skill level 1 in Earth Magic
  1793 | D:3      | Reached skill level 1 in Poison Magic
  1793 | D:3      | Reached XP level 5. HP: 40/51 MP: 7/7
  2208 | D:3      | Found an ancient bone altar of Kikubaaqudgha.
  2211 | D:3      | Found an ornate altar of the Wu Jian Council.
  2782 | D:3      | Reached XP level 6. HP: 31/57 MP: 8/8
  3007 | D:4      | Found Puyps's Armour Boutique.
  3028 | D:4      | Bought a +0 pair of gloves for 54 gold pieces
  3028 | D:4      | Bought a +0 buckler for 54 gold pieces
  3068 | D:4      | Found a shadowy altar of Dithmenos.
  3097 | D:4      | Found Illotar's Magic Scroll Shoppe.
  3105 | D:4      | Bought a scroll of identify for 28 gold pieces
  3139 | D:4      | Got a heavily jewelled robe
  3150 | D:4      | Identified the +2 robe of Duajargh {rPois} (You found it on
                  | level 4 of the Dungeon)
  3150 | D:4      | Lost mutation: Your system is resistant to poisons. (rPois)
                  | [potion of mutation]
  3150 | D:4      | Lost mutation: You have a pair of small horns on your head.
                  | [potion of mutation]
  3150 | D:4      | Gained mutation: Your spells are a little harder to cast,
                  | but a little more powerful. [potion of mutation]
  3150 | D:4      | Gained mutation: Your muscles are strong. (Str +2) [potion
                  | of mutation]
  3150 | D:4      | Lost mutation: Your spells are a little harder to cast, but
                  | a little more powerful. [potion of mutation]
  3150 | D:4      | Gained mutation: You are partially covered in slimy green
                  | scales. (AC +2) [potion of mutation]
  3173 | D:4      | Reached skill level 5 in Maces & Flails
  3696 | D:4      | Found a runed translucent door.
  3697 | D:4      | Noticed Crazy Yiuf
  3750 | D:4      | Reached XP level 7. HP: 63/63 MP: 10/10
  3981 | D:4      | Found Yriatiy's Distillery.
  4730 | D:4      | Killed Crazy Yiuf
  4768 | D:5      | Entered Level 5 of the Dungeon
  4824 | D:5      | Noticed Ijyb
  4830 | D:5      | Paralysed by Ijyb for 4 turns
  4837 | D:5      | Paralysed by Ijyb for 7 turns
  4846 | D:5      | Paralysed by Ijyb for 7 turns
  4860 | D:5      | Killed Ijyb
  5202 | D:5      | Noticed Pikel
  5223 | D:5      | Killed Pikel
  5223 | D:5      | Reached skill level 9 in Fighting
  5223 | D:5      | Reached XP level 8. HP: 31/71 MP: 10/12
  5233 | D:5      | Found an iron altar of Okawaru.
  5375 | D:5      | Noticed Grinder
  5466 | D:5      | Noticed Menkaure
  5486 | D:5      | HP: 2/71 [Menkaure/nerve-wracking pain (13)]
  5488 | D:5      | Killed from afar by Menkaure

Skill      XL: |  1  2  3  4  5  6  7  8 |
---------------+-------------------------+-----
Invocations    | 1 2 3 |  3.5
Short Blades   | 1 2 3 |  3.2
Long Blades    | 1 2 3 |  3.2
Axes           | 1 2 3 |  3.2
Polearms       | 1 2 3 |  3.2
Staves         | 1 2 3 |  3.2
Slings         | 1 2 3 |  3.2
Bows           | 1 2 3 |  3.2
Crossbows      | 1 2 3 |  3.2
Armour         | 1 2 3 |  3.2
Shields        | 1 2 3 |  3.2
Unarmed Combat | 1 2 3 |  3.2
Spellcasting   | 1 2 3 |  3.2
Throwing       | 3 4 |  4.1
Dodging        | 3 4 |  4.1
Conjurations   | 1 2 |  2.6
Hexes          | 1 2 |  2.6
Charms         | 1 2 |  2.6
Summonings     | 1 2 |  2.6
Necromancy     | 1 2 |  2.6
Translocations | 1 2 |  2.6
Transmutations | 1 2 |  2.6
Fire Magic     | 1 2 |  2.6
Ice Magic      | 1 2 |  2.6
Air Magic      | 1 2 |  2.6
Earth Magic    | 1 2 |  2.6
Poison Magic   | 1 2 |  2.6
Evocations     | 3 4 |  4.1
Stealth        | 3 4 |  4.0
Maces & Flails | 5 |  5.6
Fighting       | 9 |  9.1

Action                   |  1- 3 |  4- 6 |  7- 9 || total
-------------------------+-------+-------+-------++-------
Melee: Dagger            |    25 |       |       ||    25
       Bite              |     9 |    23 |    16 ||    48
       Mace              |    58 |    91 |   114 ||   263
       Headbutt          |     2 |    14 |       ||    16
       Flail             |       |    69 |    30 ||    99
       Unarmed           |       |       |    16 ||    16
Throw: Tomahawk          |       |       |    11 ||    11
  Use: Scroll            |     3 |     2 |     4 ||     9
       Potion            |     1 |     3 |     2 ||     6
 Stab: Sleeping          |     6 |     7 |     4 ||    17
  Eat: Chunk             |       |     4 |     1 ||     5
       Ration            |       |     1 |     2 ||     3
Armor: Robe              |     8 |    32 |    36 ||    76
       Skin              |       |    18 |     7 ||    25
       Leather armour    |       |    11 |       ||    11
Dodge: Dodged            |    63 |   108 |    89 ||   260
Block: Buckler           |       |     9 |    22 ||    31
